 Dungeon Crawl Stone Soup version 0.27-a0-498-g7ecbb0a48f (webtiles) character file.

Game seed: 6208186659594434584

7177 sahdkjhfkaj the Eclecticist (level 10, -7/59 HPs)
             Began as a Deep Elf Conjurer on Mar 3, 2021.
             Was a Priest of Vehumet.
             Mangled by a cane toad (12 damage)
             ... on level 1 of the Lair of Beasts.
             The game lasted 00:23:51 (13926 turns).

sahdkjhfkaj the Eclecticist (Deep Elf Conjurer)    Turns: 13926, Time: 00:23:53

Health: -7/59      AC:  6    Str:  4    XL:     10   Next: 86%
Magic:  9/31       EV: 13    Int: 27    God:    Vehumet [***...]
Gold:   680        SH:  0    Dex: 13    Spells: 28/39 levels left

rFire    . . .     SeeInvis .   a - +2 scimitar (vorpal)
rCold    . . .     Faith    .   (no shield)
rNeg     . . .     Spirit   .   D - +0 robe
rPois    +         Reflect  .   (no helmet)
rElec    .         Harm     .   q - +0 cloak
rCorr    .         Rampage  +   x - +1 pair of gloves "Foobluot" {Rampage}
Will     +....                  e - +0 pair of boots
Stlth    ++........             (no amulet)
HPRegen  0.19/turn              o - ring of poison resistance
MPRegen  0.22/turn              w - ring of wizardry

@: no status effects
A: no striking features
a: Renounce Religion


You were on level 1 of the Lair of Beasts.
You worshipped Vehumet.
Vehumet was most pleased with you.
You visited 3 branches of the dungeon, and saw 13 of its levels.

You collected 680 gold pieces.

Inventory:

Hand Weapons
 a - a +2 vorpal scimitar (weapon)
 b - the +6 trident "Puuc" {freeze, *Slow Will+ Str+3}
   (You found it on level 5 of the Dungeon)

   It has been specially enchanted to freeze those struck by it, causing extra
   injury to most foes and up to half again as much damage against particularly
   susceptible opponents.
   It can also slow down cold-blooded creatures.
   It affects your strength (+3).
   It affects your willpower, your defense against some magical effects.
   It may slow you when you take damage.
Armour
 e - a +0 pair of boots (worn)
 q - a +0 cloak (worn)
 x - the +1 pair of gloves "Foobluot" (worn) {Rampage}
   (You found it on level 6 of the Dungeon)

   It bestows one free step when moving towards enemies.
 D - a +0 robe (worn)
Jewellery
 f - a ring of protection from fire
 i - a ring of see invisible
 o - a ring of poison resistance (left hand)
 w - a ring of wizardry (right hand)
Wands
 G - a wand of flame (5)
 H - a wand of polymorph (10)
 I - a wand of paralysis (6)
 J - a wand of iceblast (8) {@v4}
Scrolls
 c - 3 scrolls of fear
 d - 3 scrolls of magic mapping
 h - 2 scrolls of enchant weapon
 k - 13 scrolls of teleportation {@r3}
 l - a scroll of acquirement {unknown}
 m - 3 scrolls of amnesia
 v - 2 scrolls of fog
 y - a scroll of blinking {@r4}
 B - a scroll of summoning {unknown}
 C - a scroll of silence {unknown}
 E - 2 scrolls of random uselessness {unknown}
 F - 3 scrolls of enchant armour
Potions
 g - 4 potions of curing {@q1}
 j - 3 potions of invisibility {unknown}
 n - 4 potions of mutation
 p - a potion of heal wounds {unknown}
 r - 2 potions of resistance {@q6}
 s - a potion of flight {unknown}
 t - 2 potions of haste {@q3}
 u - a potion of might {unknown}
 z - 2 potions of lignification {unknown}
 A - a potion of cancellation {unknown}


   Skills:
 - Level 5.0 Fighting
 - Level 3.0 Dodging
 - Level 4.0 Stealth
 + Level 15.2 Spellcasting
 - Level 11.0 Conjurations
 - Level 1.0 Translocations


You had 28 spell levels left.
You knew the following spells:

 Your Spells              Type           Power        Failure   Level
a - Magic Dart            Conj           100%         1%          1
b - Searing Ray           Conj           100%         1%          2
d - Fulminant Prism       Conj/Hex       25%          1%          4
q - Iskenderun's Mystic   Conj/Tloc      52%          1%          4

Your spell library contained the following spells:

 Spells                   Type           Power        Failure   Level
 Ignite Poison            Fire/Tmut/Pois 20%          1%          3
 Poisonous Vapours        Pois/Air       40%          1%          2
 Conjure Flame            Conj/Fire      50%          1%          3
 Dazzling Flash           Conj/Hex       100%         1%          3
 Mephitic Cloud           Conj/Pois/Air  40%          1%          3
 Freezing Cloud           Conj/Ice/Air   20%          10%         6


Dungeon Overview and Level Annotations

Branches:
Dungeon (11/15)            Temple (1/1) D:5            Lair (1/6) D:10
    Orc (0/2) D:9

Altars:
Ashenzari
Cheibriados
Dithmenos
Elyvilon
Fedhas
Gozag
Hepliaklqana
Kikubaaqudgha
Makhleb
Nemelex Xobeh
Okawaru
Qazlal
Ru
Sif Muna
Trog
Uskayaw
Vehumet
Wu Jian
Xom
Yredelemnul
Zin
The Shining One

Annotations:
D:6 2 transporters, exclusion: downstairs, Gamer54's ghost, novice DrAE
D:7 1 runed translucent door


Message History

Press: ? - help, Shift-Dir - straight line, f - wyvern
Aim: a wyvern (wandering, hasn't noticed you, chance to affect: 46%)
The wyvern hisses angrily.
The wyvern suddenly stops moving!
The cane toad croaks.
Casting: Searing Ray (safe; 1% risk of failure)
Confirm with . or Enter, or press ? or * to list all spells.
Aiming: Fulminant Prism (safe; 1% risk of failure)
Press: ? - help, Dir - move target, p - wyvern You conjure a prism of explosive energy!
A fulminant prism comes into view.
Casting: Fulminant Prism (safe; 1% risk of failure)
Confirm with . or Enter, or press ? or * to list all spells.
Aiming: Searing Ray (safe; 1% risk of failure)
Press: ? - help, Shift-Dir - straight line (Press . to maintain the ray.)
Your fulminant prism crackles loudly.
Unknown command.
The searing ray hits the cane toad.
The cane toad is lightly wounded.
Your fulminant prism explodes!
The blast of energy engulfs the cane toad!!
The cane toad is severely wounded.
The searing ray hits the cane toad!
The cane toad is almost dead.
The searing ray misses the cane toad.
You finish channeling your searing ray.
Casting: Searing Ray (safe; 1% risk of failure)
Confirm with . or Enter, or press ? or * to list all spells.
Aiming: Searing Ray (safe; 1% risk of failure)
Press: ? - help, Shift-Dir - straight line, f - wyvern
Aim: a wyvern (paralysed, 0% to evade)
The searing ray hits the cane toad.
The cane toad is almost dead.
The searing ray hits the wyvern!
The wyvern is heavily wounded. (Press . to maintain the ray.)
The cane toad stings you!!
* * * LOW HITPOINT WARNING * * *
The cane toad stings you!
You die...

....#.... ......... ..... ......
....#.... #.... ..... ......
......... #.?.. .... .....##
....#......#....#... ......+
....###.#.P#....... .....#
................#l .....#P
................F##+#####.......
................@...............
........(....................)..
.............................#P+
......................†......#
.....#.#..........###.##.....#
....#......#......##..†#.......
....#......#....................
....#.............#...##........
...........#..........##.....#..


You could see a cane toad and a wyvern (paralysed).

Vanquished Creatures
  A two-headed ogre (D:10)
  3 cane toads (Lair:1)
  A komodo dragon (Lair:1)
  A wraith (D:10)
  Grum (D:10)
  2 wargs (D:10)
  5 water moccasins (Lair:1)
  A sky beast (D:5)
  3 orc warriors
  An ice beast (D:5)
  A necrophage (D:5)
  5 ogres
  2 wolves (D:10)
  3 centaurs
  A phantom (D:7)
  5 bullfrogs
  A wyvern zombie (D:7)
  6 scorpions
  8 killer bees
  5 howler monkeys
  An electric eel (D:10)
  3 bullfrog zombies
  A lava snake (D:10)
  3 jellies
  5 hounds
  A quasit (D:10)
  Crazy Yiuf (D:5)
  A bullfrog skeleton (D:8)
  9 orc priests
  Jessica (D:2)
  Natasha (twice) (D:2)
  5 orc wizards
  3 iguanas
  11 worker ants
  A hound skeleton (D:5)
  A worker ant zombie (D:6)
  4 gnolls (D:6)
  14 adders
  A shadow imp (D:5)
  3 white imps
  An ufetubus (D:9)
  4 worms
  An adder skeleton (D:7)
  4 dart slugs
  8 leopard geckos
  35 orcs
  A ball python (D:3)
  6 bats
  6 giant cockroaches
  7 hobgoblins
  13 jackals
  5 kobolds
  A quokka (D:7)
  7 frilled lizards
  10 goblins
  A jackal skeleton (D:8)
  2 quokka skeletons
  A quokka zombie (D:7)
  5 rats
245 creatures vanquished.

Vanquished Creatures (others)
  6 fulminant prisms
  2 fungi (Lair:1)
  3 plants (Lair:1)
11 creatures vanquished.

Grand Total: 256 creatures vanquished

Notes
Turn   | Place    | Note
-------+----------+-------------------------------------------
     0 | D:1      | sahdkjhfkaj the Deep Elf Conjurer began the quest for the
                  | Orb.
     0 | D:1      | Reached XP level 1. HP: 10/10 MP: 6/6
   203 | D:1      | Reached XP level 2. HP: 15/15 MP: 6/8
   206 | D:1      | Learned a level 2 spell: Searing Ray
   235 | D:1      | Reached skill level 5 in Conjurations
   719 | D:2      | Reached skill level 4 in Spellcasting
   719 | D:2      | Reached XP level 3. HP: 20/20 MP: 6/10
   872 | D:2      | Noticed Natasha
   881 | D:2      | Killed Natasha
   882 | D:2      | Reached skill level 1 in Fighting
   936 | D:2      | Found a faded altar of an unknown god.
  1069 | D:2      | Reached XP level 4. HP: 25/25 MP: 9/12
  1528 | D:2      | Noticed Natasha
  1534 | D:2      | Killed Natasha
  1870 | D:2      | Noticed Jessica
  1872 | D:2      | Killed Jessica
  1873 | D:2      | Reached XP level 5. HP: 29/29 MP: 10/14
  1960 | D:2      | Reached skill level 5 in Spellcasting
  1980 | D:2      | Found a snail-covered altar of Cheibriados.
  1980 | D:2      | Found a sacrificial altar of Ru.
  2353 | D:3      | Found a shimmering blue altar of Sif Muna.
  2490 | D:3      | Found a hazy altar of Hepliaklqana.
  2562 | D:3      | Found a basalt altar of Yredelemnul.
  2805 | D:3      | Reached skill level 6 in Spellcasting
  3457 | D:3      | Learned a level 4 spell: Fulminant Prism
  3462 | D:3      | Learned a level 4 spell: Iskenderun's Mystic Blast
  3480 | D:3      | Reached XP level 6. HP: 34/34 MP: 11/17
  3531 | D:3      | Reached skill level 7 in Spellcasting
  4521 | D:5      | Entered Level 5 of the Dungeon
  4528 | D:5      | Found a glowing drain.
  4587 | D:5      | Reached XP level 7. HP: 40/40 MP: 8/19
  4912 | D:5      | Identified the +6 trident "Puuc" {freeze, *Slow Will+
                  | Str+3}
  4939 | D:5      | Reached skill level 8 in Spellcasting
  4981 | D:5      | Found a staircase to the Ecumenical Temple.
  5039 | Temple   | Entered the Ecumenical Temple
  5133 | Temple   | Became a worshipper of Vehumet
  5265 | D:5      | Found a runed translucent door.
  5266 | D:5      | Noticed Crazy Yiuf
  5465 | D:5      | Reached skill level 9 in Spellcasting
  6297 | D:5      | Killed Crazy Yiuf
  6298 | D:5      | Reached XP level 8. HP: 36/44 MP: 18/23
  6869 | D:6      | Found an iron altar of Okawaru.
  6874 | D:6      | Reached skill level 10 in Spellcasting
  7242 | D:6      | Found a transporter.
  7353 | D:5      | Reached * piety under Vehumet
  7353 | D:5      | Offered knowledge of Freeze by Vehumet.
  7430 | D:6      | Identified the +1 pair of gloves "Foobluot" {Rampage}
  7437 | D:6      | Found a bloodstained altar of Trog.
  7480 | D:6      | Reached skill level 11 in Spellcasting
  7602 | D:6      | Identified the +7 falchion "Kucymmet" {antimagic, *Corrode
                  | rF- Will+ Dex+7}
  7602 | D:6      | Identified the +1 leather armour of Ithrun {Regen+ Str+4
                  | Dex+5 Stlth+}
  7737 | D:6      | Noticed Gamer54's ghost (novice DrAE)
  7743 | D:6      | Found a transporter.
  8571 | D:7      | Reached XP level 9. HP: 50/50 MP: 18/26
  8923 | D:7      | Found a glowing silver altar of Zin.
  8924 | D:7      | Noticed an angel
  8932 | D:7      | Found a runed translucent door.
  8942 | D:7      | Offered knowledge of Sandblast by Vehumet.
  9122 | D:8      | Reached ** piety under Vehumet
  9297 | D:8      | Reached skill level 12 in Spellcasting
  9768 | D:8      | Reached skill level 13 in Spellcasting
 10667 | D:9      | Found a shimmering blue altar of Sif Muna.
 11017 | D:9      | Found a staircase to the Orcish Mines.
 11248 | D:10     | Entered Level 10 of the Dungeon
 11584 | D:10     | Noticed a two-headed ogre
 11635 | D:10     | Killed a two-headed ogre
 11636 | D:10     | Reached skill level 10 in Conjurations
 11636 | D:10     | Reached XP level 10. HP: 44/56 MP: 15/29
 11775 | D:10     | Offered knowledge of Ignite Poison by Vehumet.
 12210 | D:10     | Reached skill level 14 in Spellcasting
 12327 | D:10     | Found a staircase to the Lair.
 12772 | D:10     | Noticed Grum
 12797 | D:10     | Reached skill level 5 in Fighting
 12798 | D:10     | Killed Grum
 12799 | D:10     | Reached skill level 1 in Translocations
 13178 | D:10     | Reached *** piety under Vehumet
 13351 | Lair:1   | Entered Level 1 of the Lair of Beasts
 13484 | Lair:1   | Noticed a cane toad
 13614 | Lair:1   | Noticed a cane toad
 13630 | Lair:1   | Killed a cane toad
 13897 | Lair:1   | Noticed a cane toad
 13901 | Lair:1   | Noticed a cane toad
 13905 | Lair:1   | Killed a cane toad
 13906 | Lair:1   | Reached skill level 15 in Spellcasting
 13911 | Lair:1   | Killed a cane toad
 13919 | Lair:1   | Noticed a cane toad
 13926 | Lair:1   | Mangled by a cane toad

Illustrated notes

Levels and vault maps discovered:
D:1:      dpeg_arrival_arbitrary_c, layout_rooms
D:2:      minmay_chambers_of_ones, layout_basic,
          gammafunk_temple_overflow_elements,
          chequers_ecumenical_altar_simple_redux, uniq_natasha, uniq_jessica
D:3:      layout_basic, lemuel_doored_altar, nicolae_overflow_crystal_walls,
          overflow_temple_1_default
D:4:      layout_basic
D:5:      layout_rooms, minmay_temple_entry_glassed_door,
          cheibrodos_sewer_entry_sluice, palyth_stone_intersect,
          uniq_crazy_yiuf_cottage
D:6:      layout_cave_pools, kennysheep_mini_moat, gammafunk_ghost_stat_death,
          okawaru_gym_becter
D:7:      layout_rooms, lemuel_angel_altar
D:8:      layout_basic, special_room [special_room_orc]
D:9:      layout_loops_ring, orc_0_dummy, basic_altar
D:10:     layout_grid_maze, erik_lair_orcish_takeover, minivault_4,
          kennysheep_big_empty_room, uniq_grum
D:11:     layout_irregular_city
Temple:   minmay_temple_bridge_d
Lair:1:   layout_regular_city, beast_lair_carwin_11, uniq_gastronok

Skill      XL: |  1  2  3  4  5  6  7  8  9 10 |
---------------+-------------------------------+-----
Conjurations   | 5 6 7 9 10 11 | 11.0
Spellcasting   | 4 6 7 9 11 13 15 | 15.2
Fighting       | 1 2 3 4 5 |  5.0
Stealth        | 3 4 |  4.0
Dodging        | 3 |  3.0
Translocations | 1 |  1.0

Action                   |  1- 3 |  4- 6 |  7- 9 | 10-12 || total
-------------------------+-------+-------+-------+-------++-------
Melee: Flail             |       |       |    10 |       ||    10
       Scimitar          |       |       |     4 |       ||     4
 Cast: Magic Dart        |    31 |   111 |   276 |    68 ||   486
       Searing Ray       |     4 |    17 |    45 |    26 ||    92
       Iskenderun's Myst |       |       |     9 |     9 ||    18
       Fulminant Prism   |       |       |     2 |     4 ||     6
Evoke: Wand              |       |       |     1 |     1 ||     2
  Use: Scroll            |     2 |     5 |     6 |     1 ||    14
 Stab: Sleeping          |       |       |     1 |       ||     1
Armor: Robe              |     1 |     2 |    28 |     5 ||    36
Dodge: Dodged            |       |    13 |    77 |    15 ||   105
       Rpst.: Scimitar   |       |       |     7 |     1 ||     8

Table legend: (Time is in decaauts)
 A = Elapsed time spent in this place.
 B = Non-inter-level travel time spent in this place.
 C = Inter-level travel time spent in this place.
 D = Time resting spent in this place.
 E = Time spent auto-exploring this place.
 F = Levels seen in this place.
 G = Mean time per level.
                   A        B        C        D        E       F      G
               +--------+--------+--------+--------+--------+-----+--------+
         Total |  13935 |  13153 |    782 |    905 |  10676 |  13 | 1071.9 |
       Dungeon |  13198 |  12517 |    681 |    905 |  10153 |  11 | 1199.8 |
        Temple |    163 |     65 |     98 |      0 |     64 |   1 |  163.0 |
          Lair |    573 |    571 |      2 |      0 |    459 |   1 |  573.0 |
               +--------+--------+--------+--------+--------+-----+--------+

Top non-repeatable levels by time:
    D:10: 1908 daAuts
     D:2: 1682 daAuts
     D:5: 1660 daAuts
     D:8: 1532 daAuts
     D:6: 1367 daAuts
     D:4: 1308 daAuts
     D:3: 1298 daAuts
     D:7: 1005 daAuts
     D:9: 778 daAuts
     D:1: 654 daAuts
  Lair:1: 573 daAuts
  Temple: 163 daAuts
    D:11: 1 daAuts
